 Dungeon Crawl Stone Soup version 0.28.0-43-g3370ac3207 (webtiles) character file.

Game seed: 4693011459130640208

1115 TheDeanity the Cudgeller (level 8, -3/80 HPs)
             Began as a Troll Fighter on Mar 16, 2022.
             Killed from afar by a steam dragon (16 damage)
             ... with a ball of steam
             ... on level 5 of the Dungeon.
             The game lasted 00:10:03 (3543 turns).

TheDeanity the Cudgeller (Troll Fighter)            Turns: 3543, Time: 00:10:03

Health: -3/80      AC:  4    Str: 33    XL:     8   Next: 12%
Magic:  5/5        EV:  8    Int:  4    God:
Gold:   245        SH:  7    Dex: 11    Spells: 7/7 levels left

rFire   . . .      SeeInvis +   a - +10 flail "Xocinn" {antimagic, Dex+2 SInv}
rCold   . . .      Faith    .   c - +0 kite shield
rNeg    . . .      Spirit   .   b - +0 robe
rPois   .          Reflect  .   (helmet restricted)
rElec   .          Harm     .   (no cloak)
rCorr   .          Rampage  .   (gloves unavailable)
Will    .....                   (boots unavailable)
Stlth   +.........              (no amulet)
HPRegen 1.03/turn               e - +6 ring of strength
MPRegen 0.09/turn               g - ring of magical power

@: studying Slings
A: large, unfitting armour, claws 3, regeneration 1, shaggy fur 1, tough skin 1
a: no special abilities


You were on level 5 of the Dungeon.
You visited 1 branch of the dungeon, and saw 5 of its levels.
You also visited: Sewer and Ossuary.

You collected 245 gold pieces.

Inventory:

Hand Weapons
 a - the +10 flail "Xocinn" (weapon) {antimagic, Dex+2 SInv}
   (You found it in a sewer)

   It reduces the magical energy of the wielder, and disrupts the spells and
   magical abilities of those it strikes.
   Natural abilities and divine invocations are not affected.
   Dex:       It affects your dexterity (+2).
   SInv:      It lets you see invisible.
Missiles
 f - 4 javelins (quivered)
Armour
 b - a +0 robe (worn)
 c - a +0 kite shield (worn)
Jewellery
 e - a +6 ring of strength (left claw)
 g - a ring of magical power (right claw)
 h - a ring of resist corrosion
 q - a +6 ring of strength
Wands
 v - a wand of iceblast (6)
 x - a wand of charming (11)
Scrolls
 j - a scroll of enchant weapon
 k - a scroll of teleportation
 l - 3 scrolls of fear
 m - 3 scrolls of torment
 n - a scroll of fog {unknown}
 o - a scroll of magic mapping
 w - 2 scrolls of amnesia
 y - a scroll of enchant armour {unknown}
Potions
 d - a potion of might
 i - a potion of mutation {unknown}
 p - a potion of heal wounds {unknown}
 r - 2 potions of cancellation
 s - 2 potions of curing
 t - a potion of brilliance
 u - a potion of lignification {unknown}


   Skills:
 + Level 5.1 Fighting
 * Level 7.4 Maces & Flails
 - Level 2.4 Dodging
 - Level 2.4 Shields


You had 7 spell levels left.
You didn't know any spells.
Your spell library contained the following spells:

 Spells                   Type           Power      Damage    Failure   Level
 Fireball                 Conj/Fire      0%         3d3       100%        5
 Iskenderun's Battlesphe  Conj           0%         2d6       100%        5
 Conjure Ball Lightning   Conj/Air       0%         3x3d6     100%        6
 Orb of Destruction       Conj           0%         9d5       100%        7


Dungeon Overview and Level Annotations

Branches:
Dungeon (5/15)              Sewer (visited)         Ossuary (visited)
 Temple: D:4-7

Altars:
Makhleb


Innate Abilities, Weirdness & Mutations

You are too large for most types of armour.
You have claws for hands.
Your natural rate of healing is unusually fast.
You are covered in fur. (AC +1)
You have tough skin. (AC +1)


Message History

The hound dies!
The steam dragon barely misses you.
The steam dragon claws you but does no damage.
The centaur unwields a +0 shortbow.
The centaur hits you. The centaur completely misses you.
The scorpion zombie hits you.
* * * LOW HITPOINT WARNING * * *
You see here an adder corpse.
You thump the centaur!
The centaur is heavily wounded.
The centaur hits you but does no damage.
The centaur kicks you but does no damage.
You block the scorpion zombie's attack.
The steam dragon bites you but does no damage.
The steam dragon claws you but does no damage.
The centaur hits you.
* * * LOW HITPOINT WARNING * * *
You block the centaur's attack.
You thump the centaur!
You kill the centaur!
The scorpion zombie hits you.
* * * LOW HITPOINT WARNING * * *
The steam dragon bites you.
* * * LOW HITPOINT WARNING * * *
You block the steam dragon's attack.
A bullfrog zombie comes into view.
You closely miss the steam dragon.
The steam dragon is severely wounded.
The scorpion zombie hits you.
* * * LOW HITPOINT WARNING * * *
The steam dragon bites you but does no damage.
You block the steam dragon's attack.
The scorpion zombie hits you but does no damage.
You block the steam dragon's attack. The steam dragon claws you.
* * * LOW HITPOINT WARNING * * *
You hit the steam dragon but do no damage.
The steam dragon is severely wounded.
You block the scorpion zombie's attack. The steam dragon breathes steam at you.
The ball of steam hits you!
You die...

##### ## ## ....# ##. .##
....##########.. ..###
.............#..#....
.............#.....#
.....†.......##.ZZ#
...<..........##r#
.............[.#D#
...............Z@# ..#
...............#)# ..#
#+########'#####.# ..#
.............# ... #.+
.............# .... #.#
.............#..#... #.#
.............#.. ..## #.##
.............##. .## #...
...##...####+##################..


You could see a steam dragon (catching breath), 2 bullfrog zombies, a scorpion
zombie and a quokka.

Vanquished Creatures
  Eustachio (D:5)
  A black bear (D:5)
  A necrophage (D:4)
  A centaur (D:5)
  2 bullfrogs (Sewer)
  3 orc priests
  A hound (D:4)
  A human zombie (Ossuary)
  A centaur skeleton (D:5)
  2 iguanas (D:5)
  2 orc wizards
  2 hound zombies (Ossuary)
  4 mummies (Ossuary)
  2 gnolls (D:1)
  7 adders
  An adder zombie (D:5)
  2 worms
  A dart slug (D:4)
  6 orcs
  4 bats
  8 endoplasms
  16 giant cockroaches
  A gnoll zombie (Ossuary)
  5 goblins
  9 hobgoblins
  4 kobolds
  8 quokkas
  8 ball pythons
  19 frilled lizards
  2 goblin zombies (Ossuary)
  A hobgoblin zombie (Ossuary)
  A jackal zombie (Ossuary)
  A kobold zombie (Ossuary)
  4 rats
  3 rat zombies (Ossuary)
135 creatures vanquished.

Vanquished Creatures (others)
  A hound (D:5)
1 creature vanquished.

Grand Total: 136 creatures vanquished

Notes
Turn   | Place    | Note
-------+----------+-------------------------------------------
     0 | D:1      | TheDeanity the Troll Fighter began the quest for the Orb.
     0 | D:1      | Reached XP level 1. HP: 22/22 MP: 0/0
    31 | D:1      | Reached skill level 2 in Maces & Flails
   132 | D:1      | You fall into a shaft and drop 1 floor!
   138 | D:2      | Reached XP level 2. HP: 29/29 MP: 1/1
   461 | D:1      | Reached XP level 3. HP: 25/36 MP: 2/2
   532 | D:1      | Reached skill level 3 in Maces & Flails
  1184 | D:2      | Reached XP level 4. HP: 45/45 MP: 3/3
  1358 | D:3      | Found a glowing drain.
  1387 | Sewer    | Entered a sewer
  1581 | Sewer    | Noticed a bullfrog
  1582 | Sewer    | Noticed a bullfrog
  1589 | Sewer    | Killed a bullfrog
  1590 | Sewer    | Reached skill level 4 in Maces & Flails
  1590 | Sewer    | Reached XP level 5. HP: 33/53 MP: 4/4
  1631 | Sewer    | Identified the +10 flail "Xocinn" {antimagic, Dex+2 SInv}
  1713 | D:3      | Reached XP level 6. HP: 62/62 MP: 4/5
  1720 | D:3      | Reached skill level 5 in Maces & Flails
  2478 | D:4      | Found a burning altar of Makhleb.
  2483 | D:4      | Noticed a balrug
  2487 | D:4      | Noticed a ynoxinul
  2487 | D:4      | Noticed a ynoxinul
  2587 | D:4      | Found a sand-covered staircase.
  2606 | Ossuary  | Entered an ossuary
  2663 | Ossuary  | Reached XP level 7. HP: 70/70 MP: 5/6
  2881 | D:4      | Reached skill level 6 in Maces & Flails
  3288 | D:5      | Entered Level 5 of the Dungeon
  3343 | D:5      | Noticed Eustachio
  3347 | D:5      | Killed Eustachio
  3459 | D:5      | Reached skill level 5 in Fighting
  3459 | D:5      | Reached skill level 7 in Maces & Flails
  3514 | D:5      | Reached XP level 8. HP: 80/80 MP: 5/7
  3543 | D:5      | Killed from afar by a steam dragon

Illustrated notes

Levels and vault maps discovered:
D:1:      lemuel_arrival_broad_hall, layout_basic, minmay_tripent
D:2:      layout_rooms, minivault_25
D:3:      layout_loops_ring, gup_sewer_entry_glass
D:4:      layout_gridville, makhleb_altar_promises_db,
          lightli_ossuary_entry_decrepit_ruins
D:5:      minmay_octagon_keep, layout_gridville, uniq_eustachio

Skill      XL: |  1  2  3  4  5  6  7 |
---------------+----------------------+-----
Maces & Flails | 2 3 4 5 7 |  7.4
Fighting       | 3 4 5 |  5.1
Dodging        | |  2.4
Shields        | |  2.4

Action                   |  1- 3 |  4- 6 |  7- 9 || total
-------------------------+-------+-------+-------++-------
Melee: Unarmed           |   106 |    32 |       ||   138
       Flail             |       |   169 |    50 ||   219
Throw: Javelin           |       |     1 |     4 ||     5
  Use: Scroll            |       |     1 |     8 ||     9
 Stab: Sleeping          |     1 |       |       ||     1
Armor: Robe              |    32 |   118 |    19 ||   169
Dodge: Dodged            |    25 |   119 |    21 ||   165
Block: Kite shield       |    33 |   102 |    26 ||   161
